 Dungeon Crawl Stone Soup version 0.21.0-25-ge575cb9 (webtiles) character file.

1535 JeffiDaFish the Covered (level 8, -10/71 HPs)
             Began as a Minotaur Fighter on Jan 23, 2018.
             Mangled by a two-headed ogre
             ... wielding a +0 dire flail
              (21 damage)
             ... on level 6 of the Dungeon.
             The game lasted 00:10:08 (4427 turns).

JeffiDaFish the Covered (Minotaur Fighter)          Turns: 4427, Time: 00:10:08

Health: -10/71     AC: 10    Str: 23    XL:     8   Next: 55%
Magic:  7/7        EV: 11    Int:  8    God:
Gold:   255        SH:  7    Dex: 13    Spells: 7/7 levels left

rFire    . . .     SeeInvis +   d - +4 spear of Qaen {elec, *Noise Str+3 Int+3}
rCold    . . .     Gourm    .   e - +2 buckler
rNeg     . . .     Faith    .   p - +0 chain mail
rPois    .         Spirit   .   (helmet restricted)
rElec    .         Reflect  .   (no cloak)
rCorr    .         Harm     .   (no gloves)
MR       .....                  (no boots)
Stlth    ..........             (no amulet)
HPRegen  0.21/turn              g - ring of see invisible
MPRegen  0.10/turn              (no ring)

@: no status effects
A: retaliatory headbutt, horns 2
a: no special abilities


You were on level 6 of the Dungeon.
You were not hungry.

You visited 1 branch of the dungeon, and saw 6 of its levels.

You collected 255 gold pieces.

Inventory:

Hand Weapons
 a - a +0 war axe
 d - the +4 spear of Qaen (weapon) {elec, *Noise Str+3 Int+3}
   (You found it on level 5 of the Dungeon)

   Occasionally, upon striking a foe, it will discharge some electrical energy
   and cause terrible harm.
   It affects your strength (+3).
   It affects your intelligence (+3).
   It may make noises in combat.
Armour
 e - a +2 buckler (worn)
 p - a +0 chain mail (worn)
Jewellery
 g - a ring of see invisible (left hand)
Wands
 h - a wand of flame (17)
Scrolls
 b - a scroll of magic mapping
 i - a scroll of fog
 j - 2 scrolls of identify
 m - 2 scrolls of teleportation
 n - a scroll of remove curse {unknown}
Potions
 k - 2 potions of curing
 l - a potion of heal wounds
Comestibles
 c - 5 chunks of flesh
 f - 12 rations


   Skills:
 + Level 6.7 Fighting
 + Level 6.6 Axes
 + Level 6.9 Armour
 * Level 6.7 Dodging
 - Level 4.0 Shields


You had 7 spell levels left.
You didn't know any spells.

Dungeon Overview and Level Annotations

Branches:
Dungeon (6/15)
 Temple: D:4-7

Altars:
Elyvilon
Fedhas
Makhleb
Zin

Annotations:
D:2 exclusion: oklob plant


Innate Abilities, Weirdness & Mutations

You reflexively headbutt those who attack you in melee.
You have a pair of horns on your head.


Message History

You headbutt the quokka!
You kill the quokka!
A two-headed ogre comes into view.
It is wielding a dire flail and a giant spiked club.
The gnoll sergeant hits you from afar with a spear!
A phantom comes into view.
You hit the two-headed ogre but do no damage.
Lightning courses through the two-headed ogre!
You headbutt the two-headed ogre.
The two-headed ogre is moderately wounded.
You hit the two-headed ogre but do no damage.
The two-headed ogre is moderately wounded.
The two-headed ogre hits you with a dire flail!
The two-headed ogre hits you with a giant spiked club!!
* * * LOW HITPOINT WARNING * * *
The gnoll sergeant hits you but does no damage.
You closely miss the two-headed ogre. You headbutt the two-headed ogre.
The two-headed ogre is heavily wounded.
The two-headed ogre barely misses you.
The two-headed ogre hits you with a giant spiked club!!
You die...

.##.##. ..#o#.. '#.#'
###...### ... . ...8...
#.#.. #.W.# #.#.. #g#
.# #.#.. #O# .# #.#..
##@## .# #.... ##...##
.#####....
##.....####.#........
.........))...#.###....
..........)..##.# #.###
############..#.# #)###
##.#.# #...# ##.#.#
#...# #....# #...#


You could see a two-headed ogre, a phantom, an orc warrior (wandering) and a
gnoll sergeant.

Vanquished Creatures
  Edmund (D:4)
  An orc warrior (D:6)
  An ice beast (D:5)
  4 ogres
  2 phantoms (D:4)
  2 bullfrogs (D:6)
  A scorpion (D:4)
  A crimson imp (D:5)
  3 hounds
  2 orc priests (D:5)
  A centaur skeleton (D:5)
  A gnoll shaman (D:6)
  2 iguanas (D:5)
  2 orc wizards
  A worker ant (D:5)
  A hound skeleton (D:3)
  5 adders
  A shadow imp (D:6)
  An ooze (D:3)
  2 worms (D:3)
  4 leopard geckos
  11 orcs
  3 ball pythons
  5 giant cockroaches
  9 goblins
  9 hobgoblins
  5 jackals
  3 quokkas
  9 bats
  6 frilled lizards
  14 kobolds
  A quokka skeleton (D:6)
  A quokka zombie (D:6)
  13 rats
128 creatures vanquished.

Notes
Turn   | Place    | Note
-------+----------+-------------------------------------------
     0 | D:1      | JeffiDaFish the Minotaur Fighter began the quest for the Orb.
     0 | D:1      | Reached XP level 1. HP: 19/19 MP: 0/0
   163 | D:1      | Reached XP level 2. HP: 27/27 MP: 1/1
   352 | D:1      | Reached XP level 3. HP: 33/33 MP: 2/2
  1115 | D:2      | Found a blossoming altar of Fedhas.
  1137 | D:2      | Noticed an oklob plant
  1273 | D:2      | Reached XP level 4. HP: 39/40 MP: 3/3
  1810 | D:3      | Found a white marble altar of Elyvilon.
  1838 | D:3      | Reached skill level 1 in Dodging
  2384 | D:4      | Noticed a phantom
  2398 | D:4      | Killed a phantom
  2398 | D:4      | Reached XP level 5. HP: 38/47 MP: 4/4
  2505 | D:4      | Found a glowing silver altar of Zin.
  2539 | D:4      | Reached skill level 5 in Armour
  2567 | D:4      | Reached XP level 6. HP: 45/53 MP: 5/5
  2589 | D:4      | Reached skill level 5 in Axes
  2600 | D:4      | Reached skill level 5 in Fighting
  3056 | D:4      | Noticed Edmund
  3063 | D:4      | Killed Edmund
  3063 | D:4      | Reached XP level 7. HP: 58/61 MP: 6/6
  3210 | D:5      | Entered Level 5 of the Dungeon
  3522 | D:5      | Reached skill level 5 in Dodging
  3815 | D:5      | Reached XP level 8. HP: 70/70 MP: 7/7
  3988 | D:5      | Found a burning altar of Makhleb.
  4037 | D:5      | Got a polished spear
  4038 | D:5      | Identified the +4 spear of Qaen {elec, *Noise Str+3 Int+3} (You found it on level 5 of the Dungeon)
  4423 | D:6      | Noticed a two-headed ogre
  4427 | D:6      | Mangled by a two-headed ogre

Skill      XL: |  1  2  3  4  5  6  7  8 |
---------------+-------------------------+-----
Armour         | 4 5 6 |  6.9
Axes           | 3 4 5 6 |  6.6
Shields        | 4 |  4.0
Fighting       | 4 5 6 |  6.7
Dodging        | 2 3 4 5 6 |  6.7

Action                   |  1- 3 |  4- 6 |  7- 9 || total
-------------------------+-------+-------+-------++-------
Melee: War axe           |   111 |   112 |    62 ||   285
       Headbutt          |    14 |    19 |    18 ||    51
       Spear             |       |       |    41 ||    41
Evoke: Wand              |       |       |     4 ||     4
  Use: Scroll            |     2 |     4 |     3 ||     9
       Potion            |     2 |     1 |     2 ||     5
  Eat: Chunk             |     1 |     6 |     5 ||    12
Armor: Scale mail        |    48 |    33 |     4 ||    85
       Chain mail        |       |       |    21 ||    21
Dodge: Dodged            |    28 |    40 |    32 ||   100
Block: Shield            |    63 |     8 |       ||    71
       Buckler           |       |    24 |    20 ||    44
